 Dungeon Crawl Stone Soup version 5.6-49-g8abd877 (webtiles) character file.

6 rednecknazgul the Chopper (level 9, -12/55 HPs) *CASUAL*
             Began as a Gargoyle Skald on Dec 21, 2018.
             Was a Follower of Okawaru.
             Killed by divine providence
             ... invoked by an orc priest
              (16 damage)
             ... on level 5 of the Dungeon.
             The game lasted 00:04:59 (2529 turns).

rednecknazgul the Chopper (Gargoyle Skald)          Turns: 2529, Time: 00:04:59

Health: -12/55     AC: 17 (39%)Str: 23  XL:     9   Next: 8%
Magic:  8/13       EV: 14    Int: 24    God:    Okawaru [1*[39]]
Gold:   311        SH:  0    Dex:  9    Spells: 13/19 levels left

rFire    . . .     SeeInvis .   s - +0 war axe
rCold    . . .     Faith    .   (no shield)
rNeg     + . .     Spirit   .   f - +1 ring mail {MR+}
rPois    ∞         Reflect  .   k - +1 helmet
rElec    +                      r - +0 cloak
rCorr    .                      (no gloves)
MR       +....                  g - +0 pair of boots
Stlth    ..........             (no amulet)
Regen    0.8/turn               c - +5 ring of intelligence
MPRegen  0.2/turn               m - +3 ring of evasion

@: mighty, brilliant, regenerating
A: negative energy resistance 1, electricity resistance, unbreathing,
petrification resistance, rot immunity, AC +5
a: End Regeneration, Stop Singing, Renounce Religion


You were on level 5 of the Dungeon.
You worshipped Okawaru.
Okawaru was aware of your devotion.
You were not hungry.

You visited 1 branch of the dungeon, and saw 5 of its levels.

You collected 311 gold pieces.

Inventory:

Hand Weapons
 s - a +0 war axe (weapon)
Armour
 f - a +1 ring mail of magic resistance (worn)
 g - a +0 pair of boots (worn)
 k - a +1 helmet (worn)
 r - a +0 cloak (worn)
Jewellery
 c - a +5 ring of intelligence (left hand)
 l - an uncursed ring of positive energy
 m - a +3 ring of evasion (right hand)
 p - an uncursed ring of positive energy
Wands
 j - a wand of slimification (2)
Scrolls
 a - a scroll of blinking
 b - 2 scrolls of fear
 d - 4 scrolls of amnesia
 e - a scroll of fog
 t - a scroll of teleportation
Potions
 h - 2 potions of cancellation
 i - a potion of mutation
 n - a potion of flight
 o - a potion of ambrosia


   Skills:
 + Level 5.9 Fighting
 * Level 6.6 Axes
 + Level 5.7 Armour
 - Level 0.7 Dodging
 + Level 6.0 Charms


You had 13 spell levels left.
You knew the following spells:

 Your Spells              Type           Power        Failure   Level  Hunger
a - Infusion              Chrm           25 (25)      1%          1    N/A
b - Song of Slaying       Chrm           49 (100)     1%          2    N/A
c - Regeneration          Chrm/Necr      34 (200)     2%          3    N/A

Your spell library contained the following spells:

 Spells                   Type           Power        Failure   Level  Hunger
 Ozocubu's Armour         Chrm/Ice       34 (100)     8%          4    N/A
 Statue Form              Tmut/Erth      20 (150)     92%         6    N/A
 Dragon Form              Tmut           20 (200)     100%        7    N/A
 Spectral Weapon          Chrm/Summ      34 (100)     19%         5    N/A
 Hydra Form               Tmut           20 (200)     92%         6    N/A
 Irradiate                Tmut           20 (200)     47%         5    N/A

Dungeon Overview and Level Annotations

Branches:
Dungeon (5/15)

Altars:
Dithmenos
Elyvilon
Kikubaaqudgha
Lugonu
Makhleb
Nemelex Xobeh
Okawaru
Qazlal
Trog
Xom
Zin


Innate Abilities, Weirdness & Mutations

You are resistant to torment.
Your stone body is resilient. (AC +5)
You are immune to poison.
You resist negative energy. (rN+)
You are resistant to electric shocks. (rElec)
You can survive without breathing.
You are immune to petrification.
You are immune to rotting.


Message History

Your body is wracked with pain!
* * * LOW HITPOINT WARNING * * *
Menkaure hits you (12)!
* * * LOW HITPOINT WARNING * * *
You hit Menkaure (6).
You destroy Menkaure!
Okawaru is honoured by your kill.
Your Charms skill increases to level 6!
You have reached level 9!
Your experience leads to an increase in your attributes!
Your base attributes are Str 17, Int 14, Dex 9.
Increase (S)trength, (I)ntelligence, or (D)exterity?
You feel stronger.
The orc priest looks satisfied for a moment.
The orc priest calls upon Beogh to heal the orc wizard.
The orc wizard is healed somewhat.
Okay, then.
The orc priest mumbles some strange prayers to Beogh against you.
Beogh smites you (16)!
You die...

/.. .###... #..
..#...# ... .?...##
... ......# ##
###.####......# ...
.......oo.....# #..
#....)....>#
#...#########o.####.##
#########
#....@O.o.oo##
......##.
####.####.###
[.....##.######.# #.#
......##.##.....# #..
......#..#..##### ####
####....#..##
##.###..## ###..##..##
....#...######..


You could see an ogre, an orc priest, an orc wizard and 2 orcs.

Vanquished Creatures
  Menkaure (D:5)
  An orc warrior (D:3)
  An ogre (D:4)
  Crazy Yiuf (D:4)
  An orc priest (D:3)
  4 orc wizards
  5 worker ants
  Terence (D:2)
  2 iguanas (D:4)
  2 hound skeletons (D:4)
  6 gnolls
  6 adders
  An ooze (D:5)
  An adder skeleton (D:4)
  A dart slug (D:4)
  16 orcs
  5 quokkas
  6 bats
  3 giant cockroaches
  5 hobgoblins
  8 jackals
  7 frilled lizards
  6 goblins
  9 kobolds
  4 rats
103 creatures vanquished.

Notes
Turn   | Place    | Note
-------+----------+-------------------------------------------
     0 | D:1      | rednecknazgul the Gargoyle Skald began the quest for the Orb.
     0 | D:1      | Reached XP level 1. HP: 12/12 MP: 2/2
   132 | D:1      | Reached XP level 2. HP: 17/17 MP: 4/4
   134 | D:1      | Learned a level 2 spell: Song of Slaying
   253 | D:1      | Reached XP level 3. HP: 20/22 MP: 5/5
   512 | D:1      | Learned a level 3 spell: Regeneration
   571 | D:2      | Found a shimmering altar of Xom.
   605 | D:2      | Found a faded altar of an unknown god.
   623 | D:2      | Reached XP level 4. HP: 19/27 MP: 5/5
   749 | D:2      | Noticed Terence
   774 | D:2      | Killed Terence
   774 | D:2      | Reached XP level 5. HP: 23/32 MP: 7/7
   809 | D:2      | Found a white marble altar of Elyvilon.
   832 | D:2      | Found an iron altar of Okawaru.
   860 | D:2      | Became a worshipper of Warmaster Okawaru
   963 | D:2      | Found a stormy altar of Qazlal.
  1101 | D:3      | Found a bloodstained altar of Trog.
  1193 | D:3      | Found a burning altar of Makhleb.
  1193 | D:3      | Noticed a cacodemon
  1197 | D:3      | Noticed a ynoxinul
  1197 | D:3      | Noticed a hellwing
  1338 | D:3      | Reached XP level 6. HP: 13/37 MP: 9/9
  1416 | D:3      | Noticed an orc warrior
  1436 | D:3      | HP: 1/37 [orc warrior/+0 flail (3)]
  1437 | D:3      | Killed an orc warrior
  1437 | D:3      | Reached XP level 7. HP: 1/43 MP: 1/1
  1444 | D:3      | Found a corrupted altar of Lugonu.
  1528 | D:3      | Found a sparkling altar of Nemelex Xobeh.
  1590 | D:3      | Reached skill level 5 in Charms
  1642 | D:3      | Found an ancient bone altar of Kikubaaqudgha.
  1845 | D:4      | Found a runed door.
  1907 | D:4      | Noticed Crazy Yiuf
  1916 | D:4      | Killed Crazy Yiuf
  1968 | D:4      | Reached skill level 5 in Axes
  2012 | D:4      | Reached XP level 8. HP: 46/48 MP: 5/5
  2081 | D:4      | Reached skill level 5 in Fighting
  2087 | D:4      | Reached * piety under Okawaru
  2087 | D:4      | Reached skill level 5 in Armour
  2274 | D:4      | Found a glowing silver altar of Zin.
  2317 | D:4      | Found a shadowy altar of Dithmenos.
  2463 | D:5      | Entered Level 5 of the Dungeon
  2508 | D:5      | Noticed Menkaure
  2519 | D:5      | HP: 1/50 [Menkaure (10)]
  2526 | D:5      | HP: 1/50 [Menkaure (12)]
  2527 | D:5      | Killed Menkaure
  2527 | D:5      | Reached XP level 9. HP: 2/55 MP: 7/13
  2529 | D:5      | Killed from afar by an orc priest

Skill      XL: |  1  2  3  4  5  6  7  8 |
---------------+-------------------------+-----
Axes           | 2 3 4 5 6 |  6.6
Armour         | 2 3 4 5 |  5.7
Charms         | 4 5 6 |  6.0
Fighting       | 3 4 5 |  5.9
Dodging        | |  0.7

Action                   |  1- 3 |  4- 6 |  7- 9 || total
-------------------------+-------+-------+-------++-------
Melee: Hand axe          |    76 |   142 |    98 ||   316
       War axe           |       |       |    63 ||    63
 Cast: Song of Slaying   |     1 |       |       ||     1
       Regeneration      |       |     1 |       ||     1
  Use: Potion            |       |     1 |     2 ||     3
Armor: Chain mail        |    53 |       |       ||    53
       Ring mail         |    16 |    73 |    78 ||   167
Dodge: Dodged            |    45 |    95 |   147 ||   287
